 Dungeon Crawl Stone Soup version 0.22.0-27-ga576289601 (webtiles) character file.

2 IceCat the Firebug (level 1, -1/13 HPs)
             Began as a Gnoll Fire Elementalist on Aug 23, 2018.
             Slain by a kobold
             ... wielding a +0 short sword
              (2 damage)
             ... on level 1 of the Dungeon.
             The game lasted 00:00:25 (43 turns).

IceCat the Firebug (Gnoll Fire Elementalist)          Turns: 43, Time: 00:00:26

Health: -1/13      AC:  2    Str: 10    XL:     1   Next: 30%
Magic:  1/6        EV: 14    Int: 17    God:
Gold:   13         SH:  0    Dex: 15    Spells: 8/9 levels left

rFire    . . .     SeeInvis .   (no weapon)
rCold    . . .     Gourm    .   (no shield)
rNeg     . . .     Faith    .   a - +0 robe
rPois    .         Spirit   .   (no helmet)
rElec    .         Reflect  .   (no cloak)
rCorr    .         Harm     .   (no gloves)
MR       .....                  (no boots)
Stlth    +++.......             (no amulet)
HPRegen  0.04/turn              (no ring)
MPRegen  0.10/turn              (no ring)

@: no status effects
A: distributed training, fangs 1, strong nose
a: no special abilities


You were on level 1 of the Dungeon.
You were not hungry.

You visited 1 branch of the dungeon, and saw 1 of its levels.

You collected 13 gold pieces.

Inventory:

Armour
 a - a +0 robe (worn)
Comestibles
 c - a ration


   Skills:
 + Level 0.0 Fighting
 + Level 0.0 Short Blades
 + Level 0.0 Long Blades
 + Level 0.0 Axes
 + Level 0.0 Maces & Flails
 + Level 0.0 Polearms
 + Level 0.0 Staves
 + Level 0.0 Slings
 + Level 0.0 Bows
 + Level 0.0 Crossbows
 + Level 0.0 Throwing
 + Level 0.0 Armour
 + Level 4.4 Dodging
 + Level 4.0 Stealth
 + Level 0.0 Shields
 + Level 0.0 Unarmed Combat
 + Level 4.8 Spellcasting
 + Level 1.9 Conjurations
 + Level 0.0 Hexes
 + Level 0.0 Charms
 + Level 0.0 Summonings
 + Level 0.0 Necromancy
 + Level 0.0 Translocations
 + Level 0.0 Transmutations
 + Level 5.3 Fire Magic
 + Level 0.0 Ice Magic
 + Level 0.0 Air Magic
 + Level 0.0 Earth Magic
 + Level 0.0 Poison Magic
 + Level 0.0 Invocations
 + Level 0.0 Evocations


You had 8 spell levels left.
You knew the following spells:

 Your Spells              Type           Power        Failure   Level  Hunger
a - Flame Tongue          Conj/Fire      ###..        3%          1    None

Your spell library contained the following spells:

 Spells                   Type           Power        Failure   Level  Hunger
 Throw Flame              Conj/Fire      ###...       4%          2    #......
 Conjure Flame            Conj/Fire      ###.....     10%         3    ###....
 Inner Flame              Hex/Fire       ##......     14%         3    ###....
 Sticky Flame             Conj/Fire      ###.....     32%         4    ####...
 Fireball                 Conj/Fire      ###.......   65%         5    ######.


Dungeon Overview and Level Annotations

Branches:
Dungeon (1/15)

Altars:


Innate Abilities, Weirdness & Mutations

Your experience applies equally to all skills.
You have very sharp teeth.
Your uncanny sense of smell can sniff out nearby items.


Message History

Press: ? - help, Shift-Dir - straight line, f/p - kobold
Aim: a kobold, wielding a short sword The flame tongue misses the kobold.
The kobold hits you with a short sword.
Casting: Flame Tongue (safe; 3% risk of failure)
Confirm with . or Enter, or press ? or * to list all spells.
You don't have enough magic to cast that spell.
Unknown command.
You hit the kobold but do no damage. The kobold closely misses you.
You barely miss the kobold. The kobold hits you with a short sword.
* * * LOW HITPOINT WARNING * * *
You hit the kobold.
The kobold is heavily wounded.
The kobold closely misses you.
You closely miss the kobold.
The kobold is heavily wounded.
The kobold hits you but does no damage.
You closely miss the kobold.
The kobold is heavily wounded.
The kobold hits you with a short sword.
You die...

## #.....#....#......
#...#....##......(....
#.........#..#......
##..#'#..##..#......
####⌠####..##......
+⌠<⌠++..8........
##⌠####...#######
#..#+#..##..# ∆
......K@.#..#
.##...##..(.# .....
#....# #### ..)####
#####


You could see a kobold.

Vanquished Creatures
  A hobgoblin (D:1)
  A kobold (D:1)
2 creatures vanquished.

Notes
Turn   | Place    | Note
-------+----------+-------------------------------------------
     0 | D:1      | IceCat the Gnoll Fire Elementalist began the quest for the Orb.
     0 | D:1      | Reached XP level 1. HP: 13/13 MP: 6/6
    43 | D:1      | Slain by a kobold

Action                   || total
-------------------------++-------
Melee: Unarmed           ||    15
       Bite              ||     1
 Cast: Flame Tongue      ||     7
Armor: Robe              ||     1
Dodge: Dodged            ||    10
